 Dungeon Crawl Stone Soup version 0.29-a0-1033-gb6c65ffae6 (webtiles) character file.

Game seed: 1960352976755481056

88 Sweeb the Trooper (level 4, -2/35 HPs)
             Began as a Mummy Monk on Aug 15, 2022.
             Slain by a gnoll
             ... wielding a +0 halberd of flaming
              (8 damage)
             ... on level 4 of the Dungeon.
             The game lasted 00:04:36 (3026 turns).

Sweeb the Trooper (Mummy Monk)                      Turns: 3026, Time: 00:04:36

Health: -2/35      AC:  3    Str: 14    XL:     4   Next: 29%
Magic:  6/6        EV: 12    Int: 11    God:
Gold:   205        SH:  0    Dex: 14    Spells: 6/6 levels left

rFire   . . .      SeeInvis .   h - +4 mace of a Labyrinth {vorpal, rPois rF+}
rCold   + . .      Faith    .   (no shield)
rNeg    + + +      Spirit   .   b - +0 robe
rPois   ∞          Reflect  .   (no helmet)
rElec   .          Harm     .   (no cloak)
rCorr   .          Rampage  .   (no gloves)
Will    .....                   d - +0 pair of boots
Stlth   ++........              (no amulet)
HPRegen 0.11/turn               (no ring)
MPRegen 0.10/turn               (no ring)

@: no status effects
A: cold resistance 1, negative energy resistance 3, torment resistance 2, heat
vulnerability 1, in touch with death 1, no potions
a: no special abilities


You were on level 4 of the Dungeon.
You visited 1 branch of the dungeon, and saw 4 of its levels.

You collected 205 gold pieces.

Inventory:

Hand Weapons
 a - a +0 mace
 h - the +4 mace of a Labyrinth (weapon) {vorpal, rPois rF+}
   (You found it on level 3 of the Dungeon)

   It inflicts extra damage upon your enemies.
   rF:        It protects you from fire.
   rPois:     It protects you from poison.
Armour
 b - a +0 robe (worn)
 d - a +0 pair of boots (worn)
Jewellery
 g - a ring of magical power
Scrolls
 c - a scroll of butterflies
 e - 2 scrolls of teleportation
 f - a scroll of torment
 i - a scroll of magic mapping


   Skills:
 + Level 3.5 Fighting
 * Level 3.2 Maces & Flails
 - Level 2.4 Dodging
 + Level 2.2 Stealth
 + Level 1.9 Spellcasting


You had 6 spell levels left.
You didn't know any spells.
Your spell library was empty.

Dungeon Overview and Level Annotations

Branches:
Dungeon (4/15)
 Temple: D:4-7

Altars:
Xom
Yredelemnul

Shops:
D:1 *

Annotations:
D:3 Pargi


Innate Abilities, Weirdness & Mutations

You are immune to poison.
Your flesh is cold resistant. (rC+)
You are immune to negative energy. (rN+++)
You are immune to unholy pain and torment.
You are vulnerable to heat. (rF-)
You are in touch with the powers of death.
You do not drink.


Message History

A goblin comes into view. It is wielding a +0 club.
A goblin is nearby!
A goblin is nearby!
The goblin shouts!
The goblin hits you with a +0 club.
You hit the goblin.
You kill the goblin!
No target in view!
No target in view!
HP restored.
Things that are here:
a +0 club; a goblin corpse
Found a stone staircase leading down.
You see here a +0 dagger.
Found a stone staircase leading down.
A quokka comes into view.
Found a mace.
A quokka is nearby!
You sock the quokka!
You kill the quokka!
No target in view!
No target in view!
Found a bubbling brown potion. 2 gnolls and a goblin come into view.
A gnoll is wielding a +0 halberd of flaming.
There are monsters nearby!
There are monsters nearby!
A gnoll comes into view. It is wielding a +0 spear.
The gnoll shouts!
The goblin shouts!
The gnoll shouts! x2
Found a worn glass wand.
The gnoll barely misses you.
The gnoll hits you with a +0 halberd of flaming!
The gnoll burns you.
You sock the gnoll!
The gnoll is almost dead.
The gnoll hits you with a +0 halberd of flaming!
* * * LOW HITPOINT WARNING * * *
The gnoll burns you.
* * * LOW HITPOINT WARNING * * *
The gnoll hits you with a +0 halberd of flaming!
You die...

.##...####.# #. #......##..#
## ##.# #.....## # ##..
####..# ###...## #
###..!##.....## ###..#######
#.............### ##.........
.........###....###..........
/...g.. ##............#####
....... ##.@#.........## #
.......###gg##.!...#....## #
.........#..##....##.....####
........g.g###...###.##....#.
...##...##......###..####....
. ##.####......##.## ##... #.
##.........# #####.. ..
#.........####.##... #..
##..................#


You could see 3 gnolls and a goblin.

Vanquished Creatures
  2 adders
  2 worms
  3 dart slugs
  An orc (D:3)
  7 bats
  4 endoplasms
  2 giant cockroaches
  4 goblins
  7 hobgoblins
  6 kobolds
  3 quokkas
  6 ball pythons
  3 frilled lizards
  4 rats
54 creatures vanquished.

Notes
Turn   | Place    | Note
-------+----------+-------------------------------------------
     0 | D:1      | Sweeb the Mummy Monk began the quest for the Orb.
     0 | D:1      | Reached XP level 1. HP: 18/18 MP: 1/1
    33 | D:1      | Found Oguth's Assorted Antiques.
   124 | D:1      | Reached XP level 2. HP: 15/24 MP: 1/3
   666 | D:1      | Reached skill level 1 in Spellcasting
   953 | D:2      | Found a basalt altar of Yredelemnul.
  1152 | D:2      | Gained mutation: You are in touch with the powers of death.
                  | [Mummy growth]
  1152 | D:2      | Reached XP level 3. HP: 21/29 MP: 4/4
  2402 | D:3      | Noticed an angel
  2405 | D:3      | Found a shimmering altar of Xom.
  2547 | D:3      | Reached XP level 4. HP: 22/35 MP: 6/6
  2670 | D:3      | Identified the +4 mace of a Labyrinth {vorpal, rPois rF+}
  2705 | D:3      | Noticed Pargi
  3026 | D:4      | Slain by a gnoll

Illustrated notes

Levels and vault maps discovered:
D:1:      nicolae_arrival_memento_mori, layout_basic, serial_shops, shop,
          minmay_cupped
D:2:      layout_loops_cross, basic_altar
D:3:      layout_loops_ring, grunt_temple_overflow_order_and_chaos_1, uniq_pargi
D:4:      layout_layer_cave, mainiacjoe_overflow_alcove_2,
          kennysheep_small_circle

Skill      XL: |  1  2  3 |
---------------+----------+-----
Spellcasting   | 1 |  1.9
Stealth        | 2 |  2.2
Maces & Flails | 3 |  3.2
Fighting       | |  3.5
Dodging        | |  2.4

Action                   |  1- 3 |  4- 6 || total
-------------------------+-------+-------++-------
Melee: Mace              |   131 |     9 ||   140
       Punch             |     1 |       ||     1
  Use: Scroll            |     4 |     2 ||     6
 Stab: Sleeping          |     9 |     3 ||    12
Armor: Robe              |    28 |     1 ||    29
Dodge: Dodged            |    83 |     2 ||    85

Table legend: (Time is in decaauts)
 A = Elapsed time spent in this place.
 B = Non-inter-level travel time spent in this place.
 C = Inter-level travel time spent in this place.
 D = Time resting spent in this place.
 E = Time spent auto-exploring this place.
 F = Levels seen in this place.
 G = Mean time per level.
                   A        B        C        D        E       F      G
               +--------+--------+--------+--------+--------+-----+--------+
         Total |   3060 |   2975 |     85 |    295 |   2209 |   4 |  765.0 |
       Dungeon |   3060 |   2975 |     85 |    295 |   2209 |   4 |  765.0 |
               +--------+--------+--------+--------+--------+-----+--------+

Top non-repeatable levels by time:
     D:2: 1152 daAuts
     D:1: 962 daAuts
     D:3: 812 daAuts
     D:4: 133 daAuts
